 Dungeon Crawl Stone Soup version 0.18-b1-16-g289874d (webtiles) character file.

931 MTVSty1e the Chopper (level 7, 0/60 HPs)
             Began as a Minotaur Fighter on May 1, 2016.
             Slain by an orc warrior
             ... wielding a +0 dire flail
              (23 damage)
             ... on level 6 of the Dungeon.
             The game lasted 00:14:31 (4237 turns).

MTVSty1e the Chopper (Minotaur Fighter)             Turns: 4237, Time: 00:14:32

Health: 0/60       AC: 13    Str: 23    XL:     7   Next: 86%
Magic:  6/6        EV:  8    Int: 10    God:
Gold:   250        SH: 10    Dex: 13    Spells: 0 memorised, 6 levels left

rFire  . . .     SeeInvis .     p - +1 hand axe (chop)
rCold  . . .     Gourm    .     y - +2 chain mail {rPois}
rNeg   . . .     Faith    .     c - +0 shield
rPois  +         Spirit   .     (helmet restricted)
rElec  .         Dismiss  .     (no cloak)
rCorr  .         Reflect  .     (no gloves)
SustAt .         Harm     .     x - +0 pair of boots
MR     .....                    (no amulet)
Stlth  ..........               v - +5 ring of intelligence
                                k - +4 ring of dexterity

@: not resistant to hostile enchantments, extremely unstealthy
A: retaliatory headbutt, horns 2, MP-powered wands
a: no special abilities


You were on level 6 of the Dungeon.
You were not hungry.

You visited 1 branch of the dungeon, and saw 6 of its levels.

You collected 250 gold pieces.

Inventory:

Hand Weapons
 a - a +0 war axe
 p - a +1 hand axe of chopping (weapon)
Armour
 b - a +0 scale mail
 c - a +0 shield (worn)
 x - a +0 pair of boots (worn)
 y - a +2 chain mail of poison resistance (worn)
Jewellery
 k - a +4 ring of dexterity (left hand)
 v - a +5 ring of intelligence (right hand)
Scrolls
 e - 3 scrolls of identify
 g - 4 scrolls of remove curse
 i - 3 scrolls of magic mapping {unknown}
 m - a scroll of fog {unknown}
 q - 2 scrolls of blinking {unknown}
 r - 2 scrolls of amnesia {unknown}
 s - a scroll of fear {unknown}
 t - 5 scrolls of teleportation {unknown}
Potions
 d - a potion of magic {unknown}
 f - 4 potions of curing
 l - 2 potions of cure mutation
 n - a potion of heal wounds
 o - 2 potions of degeneration
 z - a potion of flight {unknown}
Miscellaneous
 w - a plain deck of changes {drawn: 1}
Comestibles
 h - 2 beef jerkies
 j - a meat ration
 u - a bread ration


   Skills:
 + Level 4.9 Fighting
 * Level 6.1 Axes
 + Level 5.7 Armour
 * Level 5.0 Dodging
 + Level 5.8 Shields


You had 6 spell levels left.
You didn't know any spells.

Dungeon Overview and Level Annotations

Branches:
Dungeon (6/15)
 Temple: D:4-7

Altars:
Cheibriados
Gozag
Nemelex Xobeh
Xom


Innate Abilities, Weirdness & Mutations

You reflexively headbutt those who attack you in melee.
You have a pair of horns on your head.
You expend magic power (3 MP) to strengthen your wands.


Message History

You kill the orc wizard!
Your Dodging skill increases to level 5!
You hit the orc warrior but do no damage.
The orc warrior is lightly wounded.
You miss something. You block the orc warrior's attack.
Something hits you but does no damage.
Drink which item? (? for menu, Esc to quit)
You feel better.
The orc warrior hits you with a dire flail.
Something hits you but does no damage.
You hit the orc warrior. Your headbutt misses the orc warrior.
The orc warrior is moderately wounded.
You closely miss something.
The orc warrior hits you with a dire flail!
Something hits you.
You closely miss the orc warrior.
The orc warrior is moderately wounded.
You hit something.
The orc warrior hits you with a dire flail!!
You die...

#. ..# ##.#%.### ##.......
....... .....# #..#.####.
#.{)...... #.@o.##### ##+
##).?..... ..##+# #..######
#. ....+ +..## #.#
####..#####...#### #.#
#..#..#..#......... #.#
#.)#..'..'....####.## #.#
#..')#####...........##.#
####.')..#...###.....##.####


You could see an orc warrior.

Vanquished Creatures
  An ice beast (D:5)
  A black bear (D:6)
  3 ogres
  A centaur zombie (D:5)
  An orc priest (D:3)
  A giant frog skeleton (D:4)
  Jessica (D:3)
  An iguana (D:4)
  4 orc wizards
  A worker ant (D:4)
  A hound skeleton (D:5)
  A howler monkey skeleton (D:4)
  A gnoll (D:6)
  9 adders
  An ooze (D:4)
  An adder skeleton (D:4)
  2 worms (D:3)
  3 dart slugs
  5 giant geckos
  8 orcs
  7 bats
  2 giant cockroaches (D:2)
  10 goblins
  11 hobgoblins
  7 jackals
  4 quokkas
  8 giant newts
  2 kobolds (D:1)
  7 rats
105 creatures vanquished.

Notes
Turn   | Place    | Note
--------------------------------------------------------------
     0 | D:1      | MTVSty1e the Minotaur Fighter began the quest for the Orb.
     0 | D:1      | Reached XP level 1. HP: 19/19 MP: 0/0
   151 | D:1      | Reached XP level 2. HP: 27/27 MP: 1/1
  1173 | D:2      | Reached XP level 3. HP: 33/33 MP: 2/2
  1222 | D:2      | Reached skill level 3 in Axes
  1413 | D:2      | Reached skill level 1 in Dodging
  1653 | D:2      | Reached XP level 4. HP: 36/40 MP: 3/3
  1853 | D:2      | Found a sparkling altar of Nemelex Xobeh.
  2245 | D:3      | Noticed an ogre
  2255 | D:3      | Killed an ogre
  2255 | D:3      | Reached XP level 5. HP: 24/46 MP: 4/4
  2379 | D:3      | Noticed Jessica
  2383 | D:3      | Killed Jessica
  2491 | D:3      | Reached skill level 5 in Armour
  2525 | D:3      | Reached skill level 4 in Axes
  2813 | D:4      | Reached XP level 6. HP: 53/53 MP: 5/5
  2830 | D:4      | Reached skill level 5 in Shields
  3238 | D:5      | Entered Level 5 of the Dungeon
  3356 | D:5      | Noticed an ice beast
  3357 | D:5      | Gained mutation: Armour fits poorly on your strangely shaped body. [potion of mutation]
  3357 | D:5      | Gained mutation: You expend magic power (3 MP) to strengthen your wands. [potion of mutation]
  3357 | D:5      | Lost mutation: Armour fits poorly on your strangely shaped body. [potion of mutation]
  3363 | D:5      | Reached skill level 5 in Axes
  3363 | D:5      | Reached XP level 7. HP: 60/60 MP: 6/6
  3513 | D:5      | Found a snail-covered altar of Cheibriados.
  3968 | D:5      | Found a sparkling altar of Nemelex Xobeh.
  3969 | D:5      | Found an opulent altar of Gozag.
  4125 | D:6      | Found a shimmering altar of Xom.
  4159 | D:6      | Reached skill level 6 in Axes
  4234 | D:6      | Reached skill level 5 in Dodging
  4237 | D:6      | Slain by an orc warrior

Skill      XL: |  1  2  3  4  5  6  7 |
---------------+----------------------+-----
Shields        | 4 5 |  5.8
Armour         | 4 5 |  5.7
Axes           | 3 4 5 6 |  6.1
Dodging        | 1 2 3 5 |  5.0
Fighting       | 4 |  4.9

Action                   |  1- 3 |  4- 6 |  7- 9 || total
-------------------------+-------+-------+-------++-------
Melee: War axe           |    70 |   121 |    29 ||   220
       Headbutt          |     9 |    25 |     7 ||    41
       Hand axe          |       |       |    39 ||    39
Evoke: Deck              |       |     1 |       ||     1
  Use: Potion            |       |     7 |     1 ||     8
       Scroll            |       |     4 |     2 ||     6
  Eat: Bread ration      |     1 |     1 |       ||     2
       Beef jerky        |       |     1 |     1 ||     2
Armor: Scale mail        |    31 |    52 |    14 ||    97
       Skin              |       |     8 |     4 ||    12
       Chain mail        |       |       |    15 ||    15
Dodge: Dodged            |    34 |    46 |    20 ||   100
Block: Shield            |    51 |    71 |    30 ||   152
